 Dungeon Crawl Stone Soup version 0.29.1-2-gbd0b4ee654 (webtiles) character file.

Game seed: 5067820442019589542

518 xian the Chopper (level 7, 0/72 (79) HPs)
             Began as a Demonspawn Monk on Oct 24, 2022.
             Was a Believer of Okawaru.
             Slain by a wight
             ... wielding a +3 hand axe
              (2 damage)
             ... on level 5 of the Dungeon.
             The game lasted 00:11:43 (4729 turns).

xian the Chopper (Demonspawn Monk)                  Turns: 4729, Time: 00:11:43

HP:   0/72 (79)     AC:  7    Str: 13    XL:     7   Next: 1%
MP:   7/7           EV: 13    Int: 14    God:    Okawaru [**....]
Gold: 174           SH:  0    Dex: 15    Spells: 6/6 levels left

rFire   . . .      SeeInvis .   a - +0 hand axe
rCold   . . .      Faith    .   b - orb {*Rage}
rNeg    . . .      Spirit   .   o - +2 leather armour of Fortification {+Blink Int+2}
rPois   +          Reflect  .   p - +0 helmet
rElec   .          Harm     .   y - +0 cloak
rCorr   .          Rampage  .   (no gloves)
Will    .....      Rage     20% (no boots)
Stlth   ..........              (no amulet)
HPRegen 0.22/turn               x - ring of poison resistance
MPRegen 0.10/turn               (no ring)

@: berserking, drained, very quick
A: claws 2, (demonic guardian 1)
a: Renounce Religion, Evoke Blink, Heroism


You were on level 5 of the Dungeon.
You worshipped Okawaru.
Okawaru was pleased with you.
You visited 2 branches of the dungeon, and saw 6 of its levels.

You collected 174 gold pieces.

Inventory:

Hand Weapons
 a - a +0 hand axe (weapon)
Missiles
 m - a throwing net (quivered)
Armour
 b - an orb of wrath (worn)
 o - the +2 leather armour of Fortification (worn) {+Blink Int+2}
   (You found it on level 2 of the Dungeon)

   Int:       It affects your intelligence (+2).
   +Blink:    It lets you blink.
 p - a +0 helmet (worn)
 y - a +0 cloak (worn)
Jewellery
 x - a ring of poison resistance (left claw)
 A - a ring of magical power
Wands
 u - a wand of flame (12)
 w - a wand of roots (11)
Scrolls
 d - 2 scrolls of fear {unknown}
 f - 2 scrolls of immolation {unknown}
 i - a scroll of poison {unknown}
 j - a scroll of summoning {unknown}
 l - a scroll of magic mapping {unknown}
 n - 2 scrolls of noise {unknown}
 r - a scroll of blinking {unknown}
 s - a scroll of enchant weapon
 t - 2 scrolls of teleportation
 C - a scroll of silence
Potions
 c - a potion of ambrosia
 e - 3 potions of heal wounds {unknown}
 g - a potion of curing {unknown}
 h - a potion of degeneration {unknown}
 k - 2 potions of berserk rage {unknown}
 q - a potion of haste {unknown}
 v - 3 potions of mutation {unknown}
 z - a potion of magic {unknown}
 B - a potion of resistance {unknown}
 D - a potion of flight {unknown}


   Skills:
 + Level 3.9 Fighting
 + Level 5.2 Axes
 + Level 2.6 Armour
 + Level 3.7 Dodging
 + Level 2.7 Stealth


You had 6 spell levels left.
You didn't know any spells.
Your spell library contained the following spells:

 Spells                   Type           Power      Damage    Failure   Level
 Freeze                   Ice            0%         1d3       36%         1
 Sting                    Tmut/Pois      0%         1d3       36%         1
 Poisonous Vapours        Pois/Air       0%         N/A       50%         2
 Olgreb's Toxic Radiance  Pois           0%         N/A       98%         4


Dungeon Overview and Level Annotations

Branches:
Dungeon (5/15)             Temple (1/1) D:4

Altars:
Ashenzari
Fedhas
Gozag
Hepliaklqana
Kikubaaqudgha
Makhleb
Nemelex Xobeh
Okawaru
Qazlal
Ru
Trog
Uskayaw
Vehumet
Wu Jian
Yredelemnul

Shops:
D:3 [   D:4 ?


Innate Abilities, Weirdness & Mutations

You have very sharp fingernails.
((A weak demonic guardian rushes to your aid.))


Message History

You kill the hound!
Okawaru accepts your kill.
You barely miss the wight. The wight closely misses you.
The wight hits you from afar with a +4 halberd of freezing.
You feel drained. The wight freezes you.
You have reached level 7!
Your demonic ancestry asserts itself...
You feel the presence of a demonic guardian.
You slash the wight!
The wight is heavily damaged.
You closely miss the wight.
Unknown command.
You barely miss the wight.
The wight is heavily damaged.
You hit the wight. The wight hits you with a +0 hand axe!
* * * LOW HITPOINT WARNING * * *
The wight barely misses you. x2
Unknown command.
You hit the wight.
The wight is severely damaged.
You hit the wight but do no damage.
The wight hits you from afar with a +4 halberd of freezing.
* * * LOW HITPOINT WARNING * * *
You feel drained. The wight freezes you.
* * * LOW HITPOINT WARNING * * *
The wight hits you with a +0 hand axe.
* * * LOW HITPOINT WARNING * * *
You feel drained.
* * * LOW HITPOINT WARNING * * *
The wight closely misses you.
You hit the wight.
The wight is almost destroyed.
You hit the wight.
Unknown command.
The wight hits you with a +0 hand axe!
* * * LOW HITPOINT WARNING * * *
You feel drained.
* * * LOW HITPOINT WARNING * * *
The wight hits you with a +3 hand axe.
You die...

... ... .. ..
. .. .. # #.
#. .# .#
#..##.##.##..#
.......z.....#
.......z.....#
.......@z....#
#######.†#####
#..# ....
....# ######


You could see 3 wights.

Vanquished Creatures
  The ghost of gzilladon the Shield-Bearer, an amateur GnFi (D:4)
  Blork the orc (D:4)
  A hound (D:5)
  A jelly (D:4)
  An iguana (D:4)
  Ijyb (D:4)
  2 orc wizards (D:4)
  6 adders
  An ufetubus (D:4)
  2 dart slugs
  8 orcs
  6 bats
  9 endoplasms
  4 giant cockroaches
  5 goblins
  7 hobgoblins
  3 jackals (D:1)
  3 quokkas
  9 ball pythons
  7 frilled lizards
  11 kobolds
  6 rats
95 creatures vanquished.

Notes
Turn   | Place    | Note
-------+----------+-------------------------------------------
     0 | D:1      | xian the Demonspawn Monk began the quest for the Orb.
     0 | D:1      | Reached XP level 1. HP: 18/18 MP: 1/1
   271 | D:1      | Gained mutation: You have sharp fingernails. [demonic
                  | ancestry]
   271 | D:1      | Reached XP level 2. HP: 24/24 MP: 2/2
   475 | D:1      | Reached skill level 3 in Axes
   885 | D:1      | Reached XP level 3. HP: 29/29 MP: 3/3
  1431 | D:2      | Identified the +2 leather armour of Fortification {+Blink
                  | Int+2}
  1575 | D:2      | Found an opulent altar of Gozag.
  2178 | D:3      | Found a radiant altar of Vehumet.
  2505 | D:3      | Found a faded altar of an unknown god.
  2519 | D:3      | Got Plato's Spellbook of Graupel
  2563 | D:3      | Reached XP level 4. HP: 35/35 MP: 4/4
  2675 | D:3      | Found Hinn's Armour Shoppe.
  3365 | D:4      | Found a runed translucent gate.
  3365 | D:4      | Found a runed translucent gate.
  3365 | D:4      | Found a runed translucent gate.
  3371 | D:4      | Reached skill level 1 in Armour
  3372 | D:4      | Noticed gzilladon's ghost (amateur GnFi)
  3421 | D:4      | Found a staircase to the Ecumenical Temple.
  3425 | D:4      | Noticed Ijyb
  3437 | D:4      | Killed Ijyb
  3438 | D:4      | Reached XP level 5. HP: 35/41 MP: 5/5
  3446 | Temple   | Entered the Ecumenical Temple
  3483 | Temple   | Became a worshipper of Warmaster Okawaru
  3483 | Temple   | Reached * piety under Okawaru
  3483 | Temple   | Reached ** piety under Okawaru
  3557 | D:4      | Reached skill level 4 in Axes
  3732 | D:4      | Noticed Blork the orc
  3746 | D:4      | Killed Blork the orc
  4278 | D:4      | Found Esas Ser's Magic Scroll Shop.
  4291 | D:4      | Gained mutation: You have very sharp fingernails. [demonic
                  | ancestry]
  4291 | D:4      | Reached XP level 6. HP: 28/48 MP: 6/6
  4524 | D:4      | Found a sacrificial altar of Ru.
  4666 | D:4      | Killed gzilladon's ghost
  4667 | D:4      | Reached skill level 5 in Axes
  4717 | D:5      | Entered Level 5 of the Dungeon
  4725 | D:5      | Gained mutation: A weak demonic guardian rushes to your
                  | aid. [demonic ancestry]
  4725 | D:5      | Reached XP level 7. HP: 34/52 MP: 7/7
  4729 | D:5      | HP: 2/72 [wight/+0 hand axe (2)]
  4729 | D:5      | Slain by a wight

Illustrated notes

Levels and vault maps discovered:
D:1:      wander_arrival_peaceful_grave, layout_loops_ring, serial_glass,
          glass_columns_a, glass_columns_a, glass_columns_c, glass_columns_b
D:2:      layout_loops_cross, basic_altar
D:3:      layout_basic, vehumet_altar_wand_db, serial_shops,
          nicolae_shop_competitors_out_of_business,
          shapermc_ecumenical_altar_rom_forum, serial_aquarium,
          aquarium_bridge_long_separate [aquarium_subvault_window,
          aquarium_subvault_bridge, aquarium_subvault_window,
          aquarium_subvault_wall, aquarium_subvault_window,
          aquarium_subvault_bridge], aquarium_bridge_square
          [aquarium_subvault_bridge, aquarium_subvault_window,
          aquarium_subvault_bridge, aquarium_subvault_bridge],
          aquarium_window_1, aquarium_window_corridor_1, aquarium_window_2,
          aquarium_view_2d, aquarium_balcony_3b, aquarium_pool_1,
          minmay_joined_circles
D:4:      layout_basic, mainiacjoe_overflow_alcove_2,
          minmay_temple_entry_large_hall, gammafunk_ghost_split, serial_shops,
          nicolae_shop_crystal, uniq_blork_the_orc, uniq_ijyb
D:5:      layout_gridville, serial_shops, nicolae_diamond_shop
Temple:   hellmonk_temple_two_chambers

Skill      XL: |  1  2  3  4  5  6 |
---------------+-------------------+-----
Dodging        | 3 |  3.7
Axes           | 3 4 5 |  5.2
Stealth        | 2 |  2.7
Armour         | 1 2 |  2.6
Fighting       | |  3.9

Action                   |  1- 3 |  4- 6 |  7- 9 || total
-------------------------+-------+-------+-------++-------
Melee: Hand axe          |   140 |   138 |     4 ||   282
Invok: Heroism           |       |     1 |       ||     1
  Use: Scroll            |       |     5 |       ||     5
 Stab: Sleeping          |    10 |       |       ||    10
Armor: Robe              |    15 |       |       ||    15
       Leather armour    |    14 |    38 |       ||    52
Dodge: Dodged            |    98 |    88 |     3 ||   189
